 Dungeon Crawl Stone Soup version 0.19.0-1-g5985abe (webtiles) character file.

51 RomanaTColgate the Magician (level 3, -7/24 HPs)
             Began as a Demonspawn Fire Elementalist on Nov 2, 2016.
             Mangled by a gnoll
             ... wielding a +0 flail
              (11 damage)
             ... on level 2 of the Dungeon.
             The game lasted 00:06:52 (1209 turns).

RomanaTColgate the Magician (DsFE)                  Turns: 1209, Time: 00:06:53

Health: -7/24      AC:  4    Str:  8    XL:     3   Next: 57%
Magic:  6/8        EV: 11    Int: 17    God:
Gold:   20         SH:  0    Dex: 13    Spells: 1 memorised, 8 levels left

rFire  . . .     SeeInvis .     d - +0 spear
rCold  . . .     Gourm    .     h - +0 leather armour
rNeg   . . .     Faith    .     (no shield)
rPois  .         Spirit   .     (no helmet)
rElec  .         Reflect  .     (no cloak)
rCorr  .         Harm     .     l - +0 pair of gloves
MR     .....                    (no boots)
Stlth  ++........               (no amulet)
                                (no ring)
                                (no ring)

@: no status effects
A: demonic guardian 1
a: no special abilities


You were on level 2 of the Dungeon.
You were hungry.

You visited 1 branch of the dungeon, and saw 2 of its levels.

You collected 20 gold pieces.

Inventory:

Hand Weapons
 d - a +0 spear (weapon)
 g - a +0 hunting sling
 j - a +0 dagger
Missiles
 i - 47 stones (quivered)
Armour
 a - a +0 robe
 h - a +0 leather armour (worn)
 l - a +0 pair of gloves (worn)
Scrolls
 k - 2 scrolls of fear {unknown}
 m - 4 scrolls of identify {unknown}
 n - 2 scrolls of teleportation {unknown}
Potions
 e - 2 potions of degeneration {unknown}
Books
 b - a book of Flames

   Spells                             Type                      Level
   a - Flame Tongue                   Conjuration/Fire             1
   b - Throw Flame                    Conjuration/Fire             2
   c - Conjure Flame                  Conjuration/Fire             3
   d - Inner Flame                    Hexes/Fire                   3
   e - Sticky Flame                   Conjuration/Fire             4
   f - Fireball                       Conjuration/Fire             5
Comestibles
 c - a bread ration
 f - 2 meat rations


   Skills:
 - Level 1.7 Dodging
 - Level 1.7 Stealth
 + Level 3.7 Spellcasting
 - Level 1.0 Conjurations
 - Level 2.6 Fire Magic


You had 8 spell levels left.
You knew the following spells:

 Your Spells              Type           Power        Failure   Level  Hunger
a - Flame Tongue          Conj/Fire      #....        14%         1    None


Dungeon Overview and Level Annotations

Branches:
Dungeon (2/15)

Altars:
Hepliaklqana
Ru


Innate Abilities, Weirdness & Mutations

A weak demonic guardian rushes to your aid.


Message History

* * * LOW HITPOINT WARNING * * *
The gnoll hits you but does no damage.
There is a stone staircase leading up here.
Casting: Flame Tongue
Confirm with . or Enter, or press ? or * to list all spells.
Aiming: Flame Tongue
Press: ? - help, Shift-Dir - straight line, f/p - gnoll
Aim: a gnoll, wielding a spear (almost dead)
The flame tongue hits the gnoll.
The gnoll is heavily wounded.
The gnoll hits you but does no damage. The gnoll barely misses you.
Casting: Flame Tongue
Confirm with . or Enter, or press ? or * to list all spells.
Aiming: Flame Tongue
Press: ? - help, Shift-Dir - straight line, f/p - gnoll
Aim: a gnoll, wielding a spear (almost dead)
The flame tongue hits the gnoll.
The gnoll appears unharmed.
The gnoll is heavily wounded.
The gnoll hits you with a flail!
You die...

##. ####.# ### #..
..#.# .. #.. #.#.# #>#
#..#######.#.###..
#..#....)......#.#
#..?.#####.#.#.#.######
#.#g.# #g..#....[..!. #
#.g# #g###....####
#.#..# #@# #>.#...#
#.#..#####.###....#.#
#..).)......##.#.## #
###5#######.##g#.##.##
#.######...#)#......
#...g...........#
#.###.5...._..#.# #.#
#.........#.# #.#
#....⌠....#.#


You could see 2 gnolls.

Vanquished Creatures
  2 gnolls (D:2)
  A leopard gecko (D:1)
  A giant cockroach (D:1)
  2 goblins (D:1)
  3 hobgoblins
  6 bats
  3 frilled lizards (D:1)
  8 kobolds (D:1)
  2 rats (D:1)
28 creatures vanquished.

Vanquished Creatures (collateral kills)
  Jessica (D:2)
1 creature vanquished.

Grand Total: 29 creatures vanquished

Notes
Turn   | Place    | Note
-------+----------+-------------------------------------------
     0 | D:1      | RomanaTColgate the Demonspawn Fire Elementalist began the quest for the Orb.
     0 | D:1      | Reached XP level 1. HP: 13/13 MP: 3/3
   327 | D:1      | Gained mutation: A weak demonic guardian rushes to your aid. [demonic ancestry]
   327 | D:1      | Reached XP level 2. HP: 19/19 MP: 5/5
   548 | D:1      | Reached skill level 3 in Spellcasting
  1109 | D:2      | Found a hazy altar of Hepliaklqana.
  1115 | D:2      | Found a sacrificial altar of Ru.
  1139 | D:2      | Reached XP level 3. HP: 11/24 MP: 5/7
  1179 | D:2      | Noticed Jessica
  1195 | D:2      | Killed Jessica
  1209 | D:2      | Mangled by a gnoll

Skill      XL: |  1  2 |
---------------+-------+-----
Spellcasting   | 3 |  3.7
Dodging        | |  1.7
Stealth        | |  1.7
Conjurations   | |  1.0
Fire Magic     | |  2.6

Action                   || total
-------------------------++-------
Melee: Spear             ||    79
 Cast: Flame Tongue      ||    14
 Stab: Sleeping          ||     2
Armor: Robe              ||     3
       Leather armour    ||    29
Dodge: Dodged            ||    45
